 Dungeon Crawl Stone Soup version 0.23-a0-49-gd9f7a49 (webtiles) character file.

195 galech the Shield-Bearer (level 5, -1/46 HPs)
             Began as a Minotaur Fighter on Aug 6, 2018.
             Slain by Terence
             ... wielding a +2 short sword of distortion
              (20 damage)
             ... on level 3 of the Dungeon.
             The game lasted 00:02:29 (1946 turns).

galech the Shield-Bearer (Minotaur Fighter)         Turns: 1946, Time: 00:02:29

Health: -1/46      AC:  8    Str: 21    XL:     5   Next: 45%
Magic:  4/4        EV:  8    Int:  5    God:
Gold:   109        SH:  9    Dex: 10    Spells: 4/4 levels left

rFire    . . .     SeeInvis .   e - +0 broad axe
rCold    . . .     Gourm    .   c - +0 shield
rNeg     . . .     Faith    .   b - +0 scale mail
rPois    .         Spirit   .   (helmet restricted)
rElec    .         Reflect  .   (no cloak)
rCorr    .         Harm     .   o - +0 pair of gloves
MR       .....                  (no boots)
Stlth    ..........             (no amulet)
HPRegen  0.15/turn              (no ring)
MPRegen  0.09/turn              (no ring)

@: no status effects
A: retaliatory headbutt, horns 2
a: no special abilities


You were on level 3 of the Dungeon.
You were not hungry.

You visited 1 branch of the dungeon, and saw 3 of its levels.

You collected 109 gold pieces.

Inventory:

Hand Weapons
 a - a +0 war axe
 e - a +0 broad axe (weapon)
Armour
 b - a +0 scale mail (worn)
 c - a +0 shield (worn)
 o - a +0 pair of gloves (worn)
Scrolls
 g - 3 scrolls of blinking
 i - 2 scrolls of teleportation
 l - a scroll of immolation
 m - 2 scrolls of remove curse
 n - 2 scrolls of amnesia {unknown}
 q - a scroll of enchant armour {unknown}
Potions
 d - 2 potions of might
 h - 3 potions of curing {unknown}
 k - a potion of haste {unknown}
 p - a potion of mutation {unknown}
 r - a potion of ambrosia {unknown}
 s - a potion of resistance {unknown}
 t - a potion of agility {unknown}
Comestibles
 f - 4 rations
 j - 5 chunks of flesh


   Skills:
 + Level 4.1 Fighting
 + Level 4.5 Axes
 + Level 4.7 Armour
 + Level 1.2 Dodging
 + Level 4.8 Shields


You had 4 spell levels left.
You didn't know any spells.
Your spell library was empty.

Dungeon Overview and Level Annotations

Branches:
Dungeon (3/15)

Altars:
Ashenzari
Hepliaklqana
Okawaru
Trog

Annotations:
D:2 2 transporters
D:3 Terence


Innate Abilities, Weirdness & Mutations

You reflexively headbutt those who attack you in melee.
You have a pair of horns on your head.


Message History

You are too injured to fight recklessly!
You are too injured to fight recklessly!
You are too injured to fight recklessly!
You are too injured to fight recklessly!
You are too injured to fight recklessly!
You are too injured to fight recklessly!
You are too injured to fight recklessly!
You are too injured to fight recklessly!
You are too injured to fight recklessly!
You are too injured to fight recklessly!
You are too injured to fight recklessly!
You are too injured to fight recklessly!
You are too injured to fight recklessly!
You are too injured to fight recklessly!
You are too injured to fight recklessly!
You are too injured to fight recklessly!
You closely miss Terence.
Terence is almost dead.
Terence hits you but does no damage. Space warps horribly around you!
You die...

##.....)###########.....#######
#...##..#######..(.....##
#...###.........#.......######
#...# ####.....[#.##.#........
##### #.....##.##.#######..
#######...#.#..#..# #...
.....#####...##..# ##.##
#.♣.♣.#.#######.##..## #..##
....$...##g@@....#...####.###
♣gggg#####...#..##..#..
..g_g..!#### ##........#..#
♣.♣.♣.♣.# ##..........## ..)...
##..[##...##### ♣.♣.#..#
#...###........
.g..!......###)#÷#...#.#####
..... .####.....<.....#......
.[... . ######.#..##........


You could see Terence, 2 hobgoblins and 3 goblins.

Vanquished Creatures
  Purgy (D:3)
  2 adders
  An ooze (D:1)
  5 worms
  3 dart slugs (D:1)
  2 leopard geckos
  4 orcs (D:3)
  A ball python (D:3)
  3 giant cockroaches
  3 goblins
  3 hobgoblins
  6 jackals
  A quokka (D:3)
  8 bats
  A frilled lizard (D:1)
  5 kobolds
  5 rats
54 creatures vanquished.

Notes
Turn   | Place    | Note
-------+----------+-------------------------------------------
     0 | D:1      | galech the Minotaur Fighter began the quest for the Orb.
     0 | D:1      | Reached XP level 1. HP: 19/19 MP: 0/0
   337 | D:1      | Reached XP level 2. HP: 27/27 MP: 1/1
   835 | D:2      | Reached XP level 3. HP: 33/33 MP: 2/2
  1022 | D:2      | Noticed an ice beast
  1027 | D:2      | Found a hazy altar of Hepliaklqana.
  1031 | D:2      | Found a transporter.
  1103 | D:2      | Found a bloodstained altar of Trog.
  1247 | D:2      | Found a transporter.
  1374 | D:3      | Noticed Purgy
  1388 | D:3      | Killed Purgy
  1388 | D:3      | Reached XP level 4. HP: 25/40 MP: 3/3
  1388 | D:3      | Reached XP level 5. HP: 28/46 MP: 4/4
  1512 | D:3      | Found a shattered altar of Ashenzari.
  1531 | D:3      | Reached skill level 1 in Dodging
  1806 | D:3      | Found a faded altar of an unknown god.
  1928 | D:3      | Found an iron altar of Okawaru.
  1930 | D:3      | Noticed Terence
  1946 | D:3      | Slain by Terence

Vault maps used:
D:1:      matt_arrival_refuge, lemuel_flame_loot_1
D:2:      gammafunk_temple_overflow_arena, hangedman_abyss_or_decor_stabs,
          trog_three_pillars_becter
D:3:      okawaru_trees_1, evilmike_ruin_ashenzari,
          chequers_ecumenical_altar_grove, uniq_purgy, uniq_robin, uniq_terence

Skill      XL: |  1  2  3  4  5 |
---------------+----------------+-----
Shields        | 4 |  4.8
Armour         | 4 |  4.7
Axes           | 4 |  4.5
Fighting       | 4 |  4.1
Dodging        | 1 |  1.2

Action                   |  1- 3 |  4- 6 || total
-------------------------+-------+-------++-------
Melee: War axe           |    62 |    34 ||    96
       Headbutt          |    13 |     8 ||    21
       Broad axe         |       |    13 ||    13
  Use: Scroll            |       |     5 ||     5
  Eat: Chunk             |     1 |     2 ||     3
Armor: Scale mail        |    48 |    17 ||    65
Dodge: Dodged            |    32 |    11 ||    43
Block: Shield            |    41 |    28 ||    69

Table legend:
 A = Spawn XP
 B = Non-spawn XP
 C = Spawn XP percentage of total XP
 D = Spawn monster count
 E = Non-spawn monster count
 F = Spawn count percentage of total count
 G = Total turns spent on level
                    A         B        C        D         E        F      G
               +---------+---------+-------+---------+---------+-------+---------
         Total |       0 |     279 |   0.0 |       0 |      54 |   0.0 |  1946
               +---------+---------+-------+---------+---------+-------+---------
           D:1 |       0 |      35 |   0.0 |       0 |      15 |   0.0 |   824
           D:2 |       0 |      38 |   0.0 |       0 |      11 |   0.0 |   549
           D:3 |       0 |     206 |   0.0 |       0 |      28 |   0.0 |   573
               +---------+---------+-------+---------+---------+-------+---------
